 Dungeon Crawl Stone Soup version 0.29-a0-330-g52719c12eb (webtiles) character file.

Game seed: 11968355880848751102

2411 kae the Insei (level 9, 0/86 (88) HPs)
             Began as a Purple Draconian Transmuter on May 13, 2022.
             Slain by a wight
             ... wielding a +0 halberd
              (6 damage)
             ... on level 7 of the Dungeon.
             The game lasted 00:05:20 (8043 turns).

kae the Insei (Purple Draconian Transmuter)         Turns: 8043, Time: 00:05:20

HP:   0/86 (88)     AC:  7    Str: 12    XL:     9   Next: 23%
MP:   16/17         EV: 11    Int: 17    God:
Gold: 298           SH:  0    Dex: 13    Spells: 10/18 levels left

rFire   x . .      SeeInvis .     - Unarmed
rCold   + + +      Faith    .   (shield currently unavailable)
rNeg    . . .      Spirit   .   (body armour unavailable)
rPois   +          Reflect  .   (helmet currently unavailable)
rElec   .          Harm     .   (cloak currently unavailable)
rCorr   .          Rampage  .   (gloves currently unavailable)
Will    +....                   (boots currently unavailable)
Stlth   +.........              (no amulet)
HPRegen 0.24/turn               (no ring)
MPRegen 0.15/turn               (no ring)

@: ice-form, lightly drained
A: freezing attack, amphibious, boosted hp, (breathe power), AC +7, large,
unfitting armour, (cold-blooded)
a: End Transformation


You were on level 7 of the Dungeon.
You were a creature of crystalline ice.
You visited 1 branch of the dungeon, and saw 7 of its levels.

You collected 413 gold pieces.
You spent 115 gold pieces at shops.

Inventory:

Hand Weapons
 s - the +6 mace of the Forgotten Curses (melded) {flame, rCorr}
   (You found it on level 3 of the Dungeon)

   It burns those it strikes, dealing additional fire damage.
   rCorr:     It protects you from acid and corrosion.
Armour
 d - a +0 helmet
 e - a +1 cloak (melded)
 f - a +0 pair of gloves (melded)
 i - a +0 pair of boots (melded)
Jewellery
 m - a ring of fire
 p - an amulet of faith
Wands
 b - a wand of flame (12)
 k - a wand of paralysis (11)
 n - a wand of mindburst (8)
 t - a wand of iceblast (12)
Scrolls
 a - 3 scrolls of identify
 c - 4 scrolls of noise
 o - a scroll of teleportation
 r - 2 scrolls of magic mapping
 w - a scroll of summoning
 x - a scroll of blinking
 y - a scroll of enchant armour
Potions
 g - a potion of cancellation
 h - a potion of flight
 j - a potion of ambrosia
 l - 2 potions of curing {unknown}
 q - 5 potions of heal wounds
 u - a potion of invisibility {unknown}
 v - a potion of berserk rage {unknown}
 z - a potion of mutation {unknown}
 A - a potion of brilliance {unknown}
 C - a potion of degeneration {unknown}


   Skills:
 + Level 5.0 Fighting
 + Level 4.4 Dodging
 * Level 7.2 Unarmed Combat
 + Level 5.4 Spellcasting
 * Level 6.7 Transmutations
 * Level 2.5 Ice Magic


You had 10 spell levels left.
You knew the following spells:

 Your Spells              Type           Power      Damage    Failure   Level
a - Beastly Appendage     Tmut           54%        N/A       1%          1
b - Spider Form           Tmut/Pois      16%        N/A       11%         3
c - Ice Form              Ice/Tmut       20%        N/A       21%         4

Your spell library contained the following spells:

 Spells                   Type           Power      Damage    Failure   Level
 Wereblood                Tmut           27%        N/A       1%          2
 Freeze                   Ice            52%        1d7       4%          1
 Passwall                 Tmut/Erth      13%        N/A       5%          2
 Ensorcelled Hibernation  Hex/Ice        16%        N/A       12%         2
 Shock                    Conj/Air       16%        1d4       14%         1
 Slow                     Hex            16%        N/A       14%         1
 Frozen Ramparts          Ice            26%        1d4       14%         3
 Corpse Rot               Necr/Air       8%         N/A       21%         2
 Static Discharge         Conj/Air       4%         N/A       21%         2
 Confusing Touch          Hex            4%         N/A       38%         3
 Swiftness                Air            4%         N/A       38%         3
 Vampiric Draining        Necr           4%         2d6       38%         3
 Hailstorm                Conj/Ice       8%         3d4       63%         4
 Airstrike                Air            2%         N/A       80%         4
 Dispel Undead            Necr           4%         3d7       80%         4
 Lightning Bolt           Conj/Air       2%         1d13      98%         5
 Death Channel            Necr           2%         N/A       100%        6
 Maxwell's Capacitive Co  Air            2%         ∞         100%        8


Dungeon Overview and Level Annotations

Branches:
Dungeon (7/15)             Temple (0/1) D:7

Altars:
Wu Jian
Zin

Shops:
D:1 =   D:3 (?

Annotations:
D:4 2 runed translucent doors, Zgarb's ghost, amateur OgAE


Innate Abilities, Weirdness & Mutations

You are a creature of crystalline ice.
You have a powerful freezing melee attack.
You are amphibious.
Your maximum health is increased.
Your armour is entirely melded.
You are incapable of wielding weapons or throwing items.
((You can breathe bolts of dispelling energy.))
((Your rich purple scales are hard. (AC +7)))
You cannot fit into any form of body armour.
((You are cold-blooded and may be slowed by cold attacks.))


Message History

You barely miss the wight. The wight barely misses you.
You punch the wight!
The wight is severely damaged.
The wight hits you with a +4 morningstar!
There are monsters nearby!
You punch the wight!
You destroy the wight!
Your life force feels restored.
You barely miss the kobold. The kobold hits you but does no damage.
The wight closely misses you.
There are monsters nearby!
You closely miss the kobold. The kobold hits you with a +0 club.
The wight barely misses you.
You barely miss the kobold. The kobold barely misses you.
The wight hits you from afar with a +0 halberd!
You feel drained.
There are monsters nearby!
You pummel the kobold!! You freeze the kobold.
You kill the kobold!
The wight zaps a wand.
The bolt of acid hits you!!
You are too injured to fight recklessly!
A wight is nearby!
You are too injured to fight recklessly!
You are too injured to fight recklessly!
A wight is nearby!
You are too injured to fight recklessly!
You are too injured to fight recklessly!
A wight is nearby!
You are too injured to fight recklessly!
You are too injured to fight recklessly!
The wight completely misses you.
Things that are here:
a +0 club; a scroll labelled JAIVVAEVIA; 29 gold pieces You hit the wight but do no damage.
The wight zaps a wand.
The bolt of acid hits you!!
* * * LOW HITPOINT WARNING * * *
You punch the wight!
The wight is heavily damaged.
The wight hits you with a +0 halberd.
You die...

.#.#.# ..##.# .#.#.# #..
...##.# .....# #)..
...##.# ##...# #...
....##.# #<).# #....
....##.# ##..#
#...#####...##..#
#..######.....#))...#.###
###.......##....#....##.#
.....###### #.zY..####.#
..........# ###)### #.#
#########.# #..# #.#
#.#####.#######)#
#.......))......#
#################


You could see a wight.

Vanquished Creatures
  Pikel (D:5)
  2 acid dragons (D:7)
  An orc warrior (D:6)
  An ogre (D:6)
  A centaur (D:5)
  2 phantoms
  A kobold brigand (D:7)
  A bullfrog (D:7)
  4 wights (D:7)
  2 scorpions (D:6)
  A necrophage (D:5)
  3 howler monkeys
  2 orc priests (D:5)
  3 hounds (D:5)
  A gnoll shaman (D:5)
  3 jellies
  2 iguanas
  5 orc wizards
  8 gnolls
  8 adders
  A shadow imp (D:7)
  2 white imps
  2 ufetubi
  A worm (D:4)
  3 dart slugs
  11 orcs
  7 ball pythons
  3 bats
  3 endoplasms
  10 giant cockroaches
  2 hobgoblins
  4 jackals (D:3)
  13 kobolds
  4 quokkas
  2 frilled lizards
  8 goblins
  5 rats
133 creatures vanquished.

Notes
Turn   | Place    | Note
-------+----------+-------------------------------------------
     0 | D:1      | kae the Draconian Transmuter began the quest for the Orb.
     0 | D:1      | Reached XP level 1. HP: 16/16 MP: 3/3
   295 | D:1      | Reached XP level 2. HP: 23/23 MP: 3/5
   396 | D:1      | Found a faded altar of an unknown god.
   759 | D:1      | Found Udaokhlesonn's Jewellery Boutique.
  1277 | D:2      | Identified the +1 leather armour "Roal" {rC+ Regen+ Int+4
                  | SInv}
  1338 | D:2      | Reached XP level 3. HP: 25/28 MP: 4/6
  1702 | D:3      | Found Vuuv's Magic Scroll Shop.
  1715 | D:3      | Bought a scroll of identify for 22 gold pieces
  1715 | D:3      | Bought a scroll of teleportation for 33 gold pieces
  1715 | D:3      | Bought a scroll of magic mapping for 38 gold pieces
  1715 | D:3      | Bought a scroll of identify for 22 gold pieces
  1742 | D:3      | Identified the +6 mace of the Forgotten Curses {flame,
                  | rCorr}
  1891 | D:3      | Reached XP level 4. HP: 30/36 MP: 7/7
  1895 | D:3      | Learned a level 3 spell: Spider Form
  2229 | D:3      | Found Uqum's Antique Weapon Boutique.
  2764 | D:4      | Reached skill level 4 in Unarmed Combat
  2764 | D:4      | Reached XP level 5. HP: 35/41 MP: 8/8
  3106 | D:4      | Found a glowing silver altar of Zin.
  3121 | D:4      | Noticed a phantom
  3137 | D:4      | Killed a phantom
  3548 | D:4      | Found a large runed translucent door.
  3548 | D:4      | Found a large runed translucent door.
  3549 | D:4      | Noticed Zgarb's ghost (amateur OgAE)
  3647 | D:4      | Reached XP level 6. HP: 50/50 MP: 8/10
  3975 | D:5      | Entered Level 5 of the Dungeon
  4428 | D:5      | Reached skill level 5 in Unarmed Combat
  4438 | D:5      | Your scales start taking on a rich purple colour.
  4438 | D:5      | Reached XP level 7. HP: 41/57 MP: 12/12
  5015 | D:5      | Noticed Pikel
  5032 | D:5      | Killed Pikel
  5033 | D:5      | Reached skill level 6 in Unarmed Combat
  5033 | D:5      | Reached skill level 5 in Transmutations
  5033 | D:5      | Reached XP level 8. HP: 36/66 MP: 12/14
  5312 | D:5      | Found an ornate altar of the Wu Jian Council.
  6240 | D:6      | Learned a level 4 spell: Ice Form
  6323 | D:6      | Reached skill level 5 in Spellcasting
  7106 | D:7      | Found a staircase to the Ecumenical Temple.
  7131 | D:7      | Reached skill level 1 in Ice Magic
  7438 | D:7      | Reached skill level 7 in Unarmed Combat
  7438 | D:7      | Reached XP level 9. HP: 28/73 MP: 16/16
  7927 | D:7      | Reached skill level 5 in Fighting
  8043 | D:7      | Slain by a wight

Illustrated notes

Levels and vault maps discovered:
D:1:      spicycebolla_arrival_xxxplode, layout_basic, serial_shops,
          nicolae_square_shop, hellmonk_ecumenical_altar_lost_god,
          chequers_serial_rivers_large_b, minivault_23,
          grunt_decor_mini_mirrors, minmay_tromino_v4_b
D:2:      layout_basic, serial_glass, glass_columns_a, glass_columns_a,
          item_on_display_a, item_on_display_a, item_on_display_a
D:3:      layout_loops_cross, serial_shops, shop, nicolae_square_shop,
          grunt_ministairs_4, grunt_decor_junction, minmay_pentomino_pile
D:4:      layout_basic, old_standard_altar, ebering_ghost_disaster_area
D:5:      layout_basic, pdpol_wu_jian_five_deadly_venoms, uniq_pikel
D:6:      nicolae_cairo_tiling_large_dashed, layout_basic
D:7:      layout_basic, minmay_temple_entry_glassed_door, grunt_potential

Skill      XL: |  1  2  3  4  5  6  7  8  9 |
---------------+----------------------------+-----
Dodging        | 2 3 4 |  4.4
Transmutations | 3 4 5 6 |  6.7
Fighting       | 2 3 4 5 |  5.0
Unarmed Combat | 4 5 6 7 |  7.2
Spellcasting   | 3 4 5 |  5.4
Ice Magic      | 1 2 |  2.5

Action                   |  1- 3 |  4- 6 |  7- 9 || total
-------------------------+-------+-------+-------++-------
Melee: Unarmed           |    84 |       |   160 ||   244
       Kick              |    17 |     7 |       ||    24
       Tailslap          |     6 |     3 |     4 ||    13
       Headbutt          |     5 |     4 |     1 ||    10
       Mace              |     9 |   104 |    41 ||   154
       Punch             |     1 |       |     2 ||     3
 Cast: Beastly Appendage |    25 |    16 |     1 ||    42
       Spider Form       |       |       |    23 ||    23
       Ice Form          |       |       |     2 ||     2
 Abil: Breathe Dispellin |       |       |     2 ||     2
Evoke: Wand              |       |       |     1 ||     1
  Use: Scroll            |     4 |     4 |     3 ||    11
       Potion            |       |     2 |     1 ||     3
 Stab: Sleeping          |       |     1 |     1 ||     2
       Paralysed         |       |       |     2 ||     2
Armor: Skin              |    45 |    71 |    21 ||   137
Dodge: Dodged            |    67 |    84 |   169 ||   320

Table legend: (Time is in decaauts)
 A = Elapsed time spent in this place.
 B = Non-inter-level travel time spent in this place.
 C = Inter-level travel time spent in this place.
 D = Time resting spent in this place.
 E = Time spent auto-exploring this place.
 F = Levels seen in this place.
 G = Mean time per level.
                   A        B        C        D        E       F      G
               +--------+--------+--------+--------+--------+-----+--------+
         Total |   8130 |   7882 |    248 |    528 |   6198 |   7 | 1161.4 |
       Dungeon |   8130 |   7882 |    248 |    528 |   6198 |   7 | 1161.4 |
               +--------+--------+--------+--------+--------+-----+--------+

Top non-repeatable levels by time:
     D:5: 1609 daAuts
     D:6: 1285 daAuts
     D:3: 1216 daAuts
     D:1: 1211 daAuts
     D:4: 1157 daAuts
     D:7: 1154 daAuts
     D:2: 496 daAuts
